 Dungeon Crawl Stone Soup version 0.25.0-9-g26727b657a (webtiles) character file.

Game seed: 1366585211470017971

6253 HoaS the Cruncher (level 10, -3/68 HPs)
             Began as a Gargoyle Gladiator on June 19, 2020.
             Was a Follower of Makhleb.
             Killed from afar by a hell hog (9 damage)
             ... with a fireball
             ... on level 2 of the Abyss.
             The game lasted 00:26:02 (8908 turns).

HoaS the Cruncher (Gargoyle Gladiator)              Turns: 8908, Time: 00:26:02

Health: -3/68      AC: 21    Str: 21    XL:     10   Next: 93%
Magic:  10/10      EV:  6    Int:  9    God:    Makhleb [*.....]
Gold:   4506       SH:  0    Dex: 11    Spells: 9/9 levels left

rFire    . . .     SeeInvis .   x - +5 lajatang of Fety {drain, rN++ MR+}
rCold    . . .     Gourm    .   (shield currently unavailable)
rNeg     + + +     Faith    .   F - +0 plate armour
rPois    ∞         Spirit   .   c - +1 helmet
rElec    +         Reflect  .   C - +1 cloak
rCorr    +         Harm     .   (no gloves)
MR       +....                  (no boots)
Stlth    ..........             (no amulet)
HPRegen  0.21/turn              s - ring of stealth
MPRegen  0.12/turn              r - ring of resist corrosion

@: no status effects
A: negative energy resistance 1, electricity resistance, unbreathing,
petrification resistance, rot immunity, AC +7
a: Renounce Religion


You were on level 2 of the Abyss.
You worshipped Makhleb.
Makhleb was aware of your devotion.
You were hungry.

You visited 2 branches of the dungeon, and saw 11 of its levels.
You visited the Abyss 1 time.
You also visited: Sewer and Ossuary.

You collected 4506 gold pieces.

Inventory:

Hand Weapons
 p - a +1 quarterstaff
 x - the +5 lajatang of Fety (weapon) {drain, rN++ MR+}
   (You acquired it on level 5 of the Dungeon)

   A truly terrible weapon, it drains the life of those it strikes.
   It greatly protects you from negative energy.
   It affects your resistance to hostile enchantments.
Missiles
 a - 3 javelins
 d - 2 throwing nets (quivered)
 m - 57 poisoned darts
 v - 9 boomerangs
 H - 3 curare-tipped darts
 I - 4 boomerangs of dispersal
Armour
 c - a +1 helmet (worn)
 C - a +1 cloak (worn)
 F - a +0 plate armour (worn)
Jewellery
 b - an uncursed amulet of faith
 l - an uncursed ring of flight
 o - an uncursed amulet of reflection {unknown}
 r - a ring of resist corrosion (right hand)
 s - a ring of stealth (left hand)
 G - the ring "Jusuap" {+Inv rPois rN++ Str-3 Stlth-}
   (You found it on level 7 of the Dungeon)

   [ring of attention]

   It affects your strength (-3).
   It protects you from poison.
   It greatly protects you from negative energy.
   It lets you turn invisible.
   It makes you less stealthy.
Wands
 u - a wand of random effects (7)
Scrolls
 k - 5 scrolls of remove curse
 t - 3 scrolls of blinking
 y - 2 scrolls of magic mapping
 D - 2 scrolls of teleportation
 E - 4 scrolls of identify
 J - a scroll of amnesia {unknown}
Potions
 e - 2 potions of flight
 g - a potion of haste {unknown}
 h - 2 potions of mutation
 i - 2 potions of brilliance {unknown}
 j - 3 potions of stabbing {unknown}
 n - 3 potions of heal wounds
 q - 2 potions of might
 w - 2 potions of lignification
 z - a potion of berserk rage {unknown}
 A - 2 potions of magic {unknown}
 B - 6 potions of curing
Comestibles
 f - 19 rations


   Skills:
 + Level 10.4 Fighting
 * Level 13.1 Staves
 - Level 1.7 Throwing
 - Level 2.4 Dodging


You had 9 spell levels left.
You didn't know any spells.
Your spell library was empty.

Dungeon Overview and Level Annotations

Branches:
Dungeon (10/15)            Temple (1/1) D:7           Sewer (visited)
Ossuary (visited)
   Lair: D:8-11         Orc: D:9-12

Altars:
Ashenzari
Cheibriados
Dithmenos
Elyvilon
Fedhas
Gozag
Hepliaklqana
Kikubaaqudgha
Makhleb
Nemelex Xobeh
Okawaru
Qazlal
Ru
Sif Muna
Trog
Uskayaw
Vehumet
Wu Jian
Xom
Yredelemnul
Zin
The Shining One

Shops:
D:6 %

Annotations:
D:8 1 runed translucent door, Erica
D:10 Sonja


Innate Abilities, Weirdness & Mutations

You are resistant to torment.
Your stone body is resilient. (AC +7)
You are immune to poison.
You resist negative energy. (rN+)
You are resistant to electric shocks. (rElec)
You can survive without breathing.
You are immune to petrification.
You are immune to rotting.


Message History

A hell hog comes into view.
The hell hog squeals angrily.
You hear an angry squeal.
A hell hog comes into view.
A hell hog comes into view.
You slice the hell hog!!
The hell hog is heavily wounded.
The hell hog bites you but does no damage.
The hell hog breathes fire at you.
The fireball explodes!
The fireball engulfs the hell hog.
The hell hog resists.
The fireball engulfs you!!!
Ouch! That really hurt!
* * * LOW HITPOINT WARNING * * *
You closely miss the hell hog.
The hell hog is heavily wounded.
The hell hog bites you!
* * * LOW HITPOINT WARNING * * *
The hell hog breathes fire at you.
The fireball explodes!
The fireball engulfs the hell hog.
The hell hog resists.
The fireball engulfs you!
You die...

.. ##.# #..## #..#..
#.... ##...# ≈ #
#..#.# ≈≈#. #@#..# ≈
..# # #h...#. ≈..#
##.#...#..#
........h...#.###
................. .#
.......#..##....#.##
... ...... ..... ...
.. . .............
........ .... .♣#.#


You could see 2 hell hogs.

Vanquished Creatures
  Harold (D:8)
  The ghost of Urul the Slicer, a novice DrAs of Gozag (D:7)
  A hippogriff (D:9)
  Sigmund (D:6)
  3 yaks (D:9)
  3 hungry ghosts
  Duvessa (D:6)
  2 sky beasts
  5 orc warriors
  Purgy (Sewer)
  A necrophage (D:6)
  A black bear (D:9)
  4 ogres
  A phantom (D:9)
  A centaur (D:6)
  4 bullfrogs
  A gnoll sergeant (D:2)
  Dowan (D:6)
  A water moccasin skeleton (D:6)
  5 killer bees
  3 wights (D:9)
  A howler monkey (D:9)
  6 crimson imps
  2 bullfrog zombies
  2 quasits
  3 hounds
  6 orc priests
  A centaur skeleton (D:5)
  Crazy Yiuf (D:7)
  2 bullfrog skeletons
  7 orc wizards
  4 worker ants
  2 iguanas (D:5)
  2 killer bee zombies (D:5)
  A big kobold zombie (Ossuary)
  2 hound zombies
  A hound skeleton (D:7)
  2 mummies (Ossuary)
  A worker ant zombie (D:7)
  4 gnolls (D:3)
  9 adders
  4 oozes
  An adder skeleton (D:3)
  A worm (D:3)
  6 leopard geckos
  21 orcs
  12 giant cockroaches
  4 gnoll zombies (Ossuary)
  7 goblins
  9 hobgoblins
  3 jackals (D:9)
  8 kobolds
  A quokka (D:6)
  A ball python (D:5)
  9 bats
  6 frilled lizards
  A giant cockroach zombie (D:3)
  5 goblin zombies (Ossuary)
  A hobgoblin zombie (Ossuary)
  A jackal skeleton (D:5)
  3 orc zombies (Ossuary)
  5 rats
210 creatures vanquished.

Vanquished Creatures (others)
  A quokka (D:8)
1 creature vanquished.

Grand Total: 211 creatures vanquished

Notes
Turn   | Place    | Note
-------+----------+-------------------------------------------
     0 | D:1      | HoaS the Gargoyle Gladiator began the quest for the Orb.
     0 | D:1      | Reached XP level 1. HP: 12/12 MP: 1/1
   132 | D:1      | Reached XP level 2. HP: 17/18 MP: 2/2
   602 | D:1      | Reached XP level 3. HP: 20/22 MP: 3/3
   795 | D:2      | Reached skill level 4 in Staves
  1127 | D:2      | Reached XP level 4. HP: 18/28 MP: 4/4
  1507 | D:3      | Noticed a gnoll sergeant
  1567 | D:2      | Killed a gnoll sergeant
  1567 | D:2      | Reached skill level 5 in Staves
  1567 | D:2      | Reached XP level 5. HP: 2/33 MP: 5/5
  1939 | D:3      | Reached XP level 6. HP: 38/38 MP: 6/6
  2512 | D:4      | Reached skill level 6 in Staves
  3616 | D:5      | Entered Level 5 of the Dungeon
  3644 | D:5      | Reached XP level 7. HP: 43/44 MP: 7/7
  3742 | D:5      | Reached skill level 5 in Fighting
  3829 | D:5      | Reached skill level 7 in Staves
  3906 | D:5      | Identified 2 scrolls of acquirement
  3907 | D:5      | Got the +5 lajatang of Fety {drain, rN++ MR+}
  3979 | D:5      | Found a glowing drain.
  4001 | Sewer    | Entered a sewer
  4058 | Sewer    | Noticed Purgy
  4061 | Sewer    | Killed Purgy
  4406 | D:5      | Found a shadowy altar of Dithmenos.
  4524 | D:5      | Reached XP level 8. HP: 51/51 MP: 8/8
  4721 | D:6      | Reached skill level 8 in Staves
  5280 | D:6      | Found Haen's Food Emporium.
  5345 | D:6      | Reached skill level 9 in Staves
  5380 | D:6      | Noticed Sigmund
  5386 | D:6      | Killed Sigmund
  5545 | D:6      | Reached XP level 9. HP: 57/57 MP: 9/9
  5575 | D:6      | Found a radiant altar of Vehumet.
  5577 | D:6      | Found a shadowy altar of Dithmenos.
  5632 | D:6      | Noticed Duvessa
  5657 | D:6      | Killed Duvessa
  5664 | D:6      | Noticed Dowan
  5677 | D:6      | Killed Dowan
  5720 | D:6      | Reached skill level 10 in Staves
  5947 | D:7      | Got a heavily runed glass ring
  6188 | D:7      | Found a sand-covered staircase.
  6296 | Ossuary  | Entered an ossuary
  6739 | D:7      | Identified the ring "Jusuap" {+Inv rPois rN++ Str-3 Stlth-}
                  | (You found it on level 7 of the Dungeon)
  6750 | D:7      | Found a runed translucent door.
  6750 | D:7      | Noticed Urul's ghost (novice DrAs)
  6768 | D:7      | Found a staircase to the Ecumenical Temple.
  6855 | D:7      | Found a sparkling altar of Nemelex Xobeh.
  6912 | Temple   | Entered the Ecumenical Temple
  7014 | Temple   | Became a worshipper of Makhleb the Destroyer
  7329 | D:7      | Found a runed translucent door.
  7330 | D:7      | Noticed Crazy Yiuf
  7336 | D:7      | Killed Crazy Yiuf
  7564 | D:8      | Noticed Harold
  7568 | D:8      | Found a white marble altar of Elyvilon.
  7575 | D:8      | Killed Harold
  7575 | D:8      | Reached skill level 11 in Staves
  7575 | D:8      | Reached XP level 10. HP: 59/66 MP: 10/10
  7776 | D:8      | Found a runed translucent door.
  7811 | D:8      | Noticed Erica
  7942 | D:9      | Reached skill level 12 in Staves
  8151 | D:9      | Reached * piety under Makhleb
  8321 | D:9      | Reached skill level 10 in Fighting
  8447 | D:9      | Found a bloodstained altar of Trog.
  8750 | D:7      | Killed Urul's ghost
  8750 | D:7      | Reached skill level 13 in Staves
  8810 | D:10     | Entered Level 10 of the Dungeon
  8876 | D:10     | Noticed Sonja
  8882 | D:10     | Cast into level 2 of the Abyss (Sonja)
  8902 | Abyss:2  | Noticed a hell hog
  8904 | Abyss:2  | Noticed a hell hog
  8905 | Abyss:2  | Noticed a hell hog
  8908 | Abyss:2  | Killed from afar by a hell hog

Illustrated notes

Levels and vault maps discovered:
D:1:      minmay_arrival_solitary_statue, layout_basic, lemuel_another_geyser
D:2:      layout_basic
D:3:      layout_loops_ring, serial_undead, serial_undead_f, serial_undead_b,
          serial_undead_a, serial_undead_f, first_ration
D:4:      layout_basic
D:5:      layout_basic, gup_sewer_entry_pipe,
          nicolae_dithmenos_through_a_glass_darkly
D:6:      layout_cave_pools, minitemple, serial_shops, shop, uniq_duvessa,
          uniq_sigmund
D:7:      layout_loops_ring, minmay_temple_entry_tees,
          hellmonk_ghost_happy_afterlife, chequers_ossuary_entry_cave,
          nemelex_dance_club_becter, uniq_crazy_yiuf_cottage
D:8:      layout_cave_pools, elyvilon_altar_4, lightli_church_of_beogh,
          uniq_erica, uniq_harold
D:9:      layout_cross, lemuel_coloured_pillars_altar
D:10:     layout_basic, lair_entry_dummy, nicolae_trove_entry_free_sample,
          serial_shops, shop, hangedman_little_slice_of_home, uniq_sonja
Temple:   compressed_dpeg_circular_temple
Abyss:2:  base:
D:2

Skill      XL: |  1  2  3  4  5  6  7  8  9 10 |
---------------+-------------------------------+-----
Staves         | 4 5 6 7 9 11 13 | 13.1
Fighting       | 3 4 5 7 9 10 | 10.4
Throwing       | |  1.7
Dodging        | |  2.4

Action                   |  1- 3 |  4- 6 |  7- 9 | 10-12 || total
-------------------------+-------+-------+-------+-------++-------
Melee: Quarterstaff      |   135 |   118 |    24 |       ||   277
       Lajatang          |       |       |   272 |   178 ||   450
Throw: Dart              |       |       |     2 |       ||     2
       Throwing net      |       |       |     1 |     1 ||     2
Evoke: Wand              |       |       |       |     5 ||     5
  Use: Scroll            |     3 |     6 |    13 |     2 ||    24
  Eat: Chunk             |     1 |     8 |     9 |    10 ||    28
       Ration            |       |       |     1 |       ||     1
Armor: Leather armour    |    67 |     5 |       |       ||    72
       Ring mail         |       |    11 |       |       ||    11
       Scale mail        |       |    34 |    43 |       ||    77
       Chain mail        |       |       |    41 |       ||    41
       Plate armour      |       |       |   164 |   173 ||   337
Dodge: Dodged            |    98 |    62 |   131 |    68 ||   359
